AoeStats
← KATOHHEI

Scandinavia

510539357Analyzed
1v1 RM · 2d ago on Oct 1, 2026· 26m 36s· 2 players
Game mode
Random Map
Map size
Tiny (2 player)
Population
200
Speed
Normal
Resources
Standard
Victory
Conquest
Starting age
Dark Age
Ending age
Imperial Age
RankedLock teamsTeams togetherTeam positionsShared explorationLock speedFull tech treeHidden civsTurbo modeCheats
Victory
Defeat
🇫🇮 Mongols · Finland
1283
+14
🇦🇷 Spanish · Argentina
1240
-14
[VEP] Assinator
6:38 Loom
11:44 Feudal Age
16:21 Castle Age
15:26 Double-Bit Axe
17:50 Fletching
18:16 Bow Saw
KATOHHEI
2:07 Loom
9:52 Feudal Age
10:25 Double-Bit Axe
15:52 Castle Age
14:17 Stone Mining
19:21 Medium Warships
19:11 Gold Mining
19:51 Fletching
25:12 Fishing Lines
Connection lost

Rejoining the realm…

Still unreachable

The connection could not be restored.

Session expired

The server has moved on; the page needs a fresh start.